 Dungeon Crawl Stone Soup version 0.21.1-1-g345015f (webtiles) character file.

50653 Supahsalami the Cleaver (level 14, 0/123 HPs)
             Began as a Demonspawn Berserker on June 15, 2018.
             Was a High Priest of Trog.
             Succumbed to a trident of venom's poison
             ... on level 1 of the Elven Halls.
             The game lasted 01:55:00 (17096 turns).

Supahsalami the Cleaver (Demonspawn Berserker)     Turns: 17096, Time: 01:55:00

Health: 0/123      AC: 23    Str: 22    XL:     14   Next: 20%
Magic:  1/14       EV: 12    Int:  8    God:    Trog [*****.]
Gold:   940        SH:  0    Dex: 17    Spells: 13/13 levels left

rFire    + + .     SeeInvis .   O - +3 battleaxe (chop)
rCold    + + .     Gourm    .   (shield currently unavailable)
rNeg     . . .     Faith    .   o - +2 plate armour {rC+}
rPois    .         Spirit   .   s - +0 helmet
rElec    .         Reflect  .   n - scarf {rC+ rF+}
rCorr    +         Harm     .   A - +1 pair of gloves
MR       +++..                  (boots unavailable)
Stlth    ..........             C - amulet of regeneration
HPRegen  1.70/turn              h - +2 ring of evasion
MPRegen  0.14/turn              J - ring "Wank" {rCorr Dex+3}

@: lethally poisoned (0 -> -45), berserk cooldown, starving, regenerating,
slowed, very slow
A: talons 3, rugged brown scales 2, fire resistance 1, powered by death 3
a: Berserk, Trog's Hand, Brothers in Arms, Burn Spellbooks, Renounce Religion


You were on level 1 of the Elven Halls.
You worshipped Trog.
Trog was extremely pleased with you.
You were starving.

You visited 4 branches of the dungeon, and saw 16 of its levels.

You collected 1754 gold pieces.
You spent 814 gold pieces at shops.

Inventory:

Hand Weapons
 a - a +1 hand axe of venom
 c - the +7 Singing Sword
   (You found it on level 9 of the Dungeon)
 g - a +3 antimagic long sword
 k - a +0 short sword
 q - a +1 flail of crushing
 L - a +3 battleaxe of freezing
 O - a +3 battleaxe of chopping (weapon)
 P - a +0 war axe of chopping
Missiles
 m - 3 javelins
 y - 26 tomahawks (quivered)
Armour
 n - a scarf of resistance (worn)
 o - a +2 plate armour of cold resistance (worn)
 s - a +0 helmet (worn)
 v - a +0 chain mail of poison resistance
 A - a +1 pair of gloves (worn)
Jewellery
 h - a +2 ring of evasion (left hand)
 C - an amulet of regeneration (around neck)
 J - the ring "Wank" (right hand) {rCorr Dex+3}
   (You found it on level 8 of the Dungeon)

   [ring of resist corrosion]

   It affects your dexterity (+3).
Wands
 H - a wand of random effects (35)
 I - a wand of polymorph (26)
 M - a wand of paralysis (9)
Scrolls
 e - 7 scrolls of teleportation
 f - a scroll of brand weapon
 i - 4 scrolls of magic mapping
 j - 3 scrolls of enchant weapon
 p - a scroll of fog
 u - 3 scrolls of enchant armour
 F - 3 scrolls of identify
 N - 3 scrolls of remove curse
 R - a scroll of immolation
Potions
 d - 4 potions of cancellation
 l - a potion of brilliance
 w - 2 potions of berserk rage
 x - 3 potions of lignification
 D - 2 potions of agility
 E - a potion of magic
 G - 10 potions of curing
 K - 2 potions of ambrosia
 S - 4 potions of might
 T - a potion of haste
Miscellaneous
 Q - a lightning rod (4/4)
Comestibles
 z - 15 rations


   Skills:
 + Level 13.4 Fighting
 + Level 13.5 Axes
 - Level 2.2 Throwing
 + Level 12.7 Armour
 - Level 5.1 Dodging
 - Level 1.7 Stealth


You had 13 spell levels left.
You didn't know any spells.

Dungeon Overview and Level Annotations

Branches:
Dungeon (11/15)            Temple (1/1) D:6             Orc (2/2) D:11
    Elf (2/3) Orc:2
   Lair: D:8-11

Altars:
Ashenzari
Cheibriados
Dithmenos
Elyvilon
Fedhas
Gozag
Hepliaklqana
Kikubaaqudgha
Makhleb
Nemelex Xobeh
Okawaru
Qazlal
Ru
Sif Muna
Trog
Uskayaw
Vehumet
Wu Jian
Xom
Yredelemnul
Zin
The Shining One

Shops:
D:7 =   Orc:2 (*?!

Annotations:
D:3 exclusion: 2 downstairs
D:8 kae's ghost, novice HOFi


Innate Abilities, Weirdness & Mutations

You have claws for feet.
You are mostly covered in rugged brown scales. (AC +2, +5% HP)
Your flesh is heat resistant. (rF+)
You regenerate a lot of health from kills.


Message History

You feel very sick.
The trident of venom hits you but does no damage.
You are lethally poisoned!
You slice the fire elemental!!
You destroy the fire elemental!
* * * LOW HITPOINT WARNING * * *
You feel extremely sick.
The antimagic glaive hits you but does no damage.
The trident of venom hits you from afar!
* * * LOW HITPOINT WARNING * * *
You are more poisoned.
The antimagic glaive completely misses you.
The trident of venom barely misses you.
You feel the effects of Trog's Hand fading.
* * * LOW HITPOINT WARNING * * *
You feel extremely sick.
The trident of venom hits you from afar.
* * * LOW HITPOINT WARNING * * *
You are more poisoned.
You die...

'####'####.#####...#..(...
## #.# ##'..##..#...... .#
#.# #[..##...#...#
.####'### #...##..##..#
.##.....# #...##..##..#
###..[..####..##..#(e.#
##.......# #'###...#§.#
##...8...# #..##..#§..#
#.......# #...'@.##..'..#
##.....## #...'..##..'..#
##'.....'###'###......####
#.####)##'..(.##......#
.## #.##.....######### ##
#.##.....# # #.##.......'
## #.##.......# .#
#.##.......#


You could see a deep elf mage and a trident of venom.

Vanquished Creatures
  Gastronok (D:10)
  Aizul (Elf:1)
  A deep elf sorcerer (Elf:1)
  2 ogre magi (Orc:2)
  Erolcha (D:9)
  12 two-headed ogres
  3 dancing weapons (Elf:1)
  An orc high priest (Orc:2)
  4 deep elf knights
  The ghost of sking99 the Thaumaturge, a novice GnWz of Ashenzari (D:7)
  2 deep trolls (Orc:2)
  An unseen horror (D:9)
  Pikel (D:5)
  5 deep elf archers
  A wolf spider (shapeshifter) (Elf:1)
  3 orc sorcerers
  23 deep elf magi
  2 cyclopes (Orc:2)
  Maurice (D:9)
  Psyche (D:9)
  A rime drake (shapeshifter) (Elf:1)
  8 trolls
  3 hornets
  5 hippogriffs
  Sigmund (D:4)
  2 water elementals (Elf:1)
  5 yaks (D:9)
  A wyvern (D:10)
  A hungry ghost (D:9)
  2 fire elementals
  A vampire mosquito (D:9)
  2 wargs (Orc:2)
  A soldier ant (D:8)
  A water moccasin (D:7)
  The ghost of twistedcrescendo the Scratcher, an amateur FeTm (D:4)
  5 black bears
  22 orc warriors
  2 ice beasts
  3 phantoms
  A sky beast (D:9)
  3 necrophages
  24 ogres
  4 centaurs
  A big kobold (D:9)
  4 bullfrogs
  A wyvern zombie (D:8)
  2 wyvern skeletons
  2 scorpions
  12 killer bees
  6 wights
  A howler monkey (D:10)
  A crimson imp (D:9)
  2 bullfrog zombies (D:9)
  A quasit (D:10)
  3 centaur zombies
  7 hounds
  A centaur skeleton (D:10)
  19 orc priests
  21 orc wizards
  A bullfrog skeleton (D:4)
  An iguana (D:5)
  18 worker ants
  A hound skeleton (D:6)
  3 worker ant zombies
  4 gnolls
  11 adders
  3 shadow imps
  4 oozes
  An adder skeleton (D:4)
  An adder zombie (D:9)
  3 worms
  9 leopard geckos
  63 orcs
  4 bats
  8 giant cockroaches
  7 goblins
  4 hobgoblins
  6 jackals
  8 kobolds
  6 quokkas
  A ball python (D:1)
  7 frilled lizards
  7 rats
  2 butterflies (D:7)
  23 fungi (Elf:1)
456 creatures vanquished.

Vanquished Creatures (collateral kills)
  A deep elf mage (Elf:1)
1 creature vanquished.

Vanquished Creatures (others)
  An ooze (D:5)
1 creature vanquished.

Grand Total: 458 creatures vanquished

Notes
Turn   | Place    | Note
-------+----------+-------------------------------------------
     0 | D:1      | Supahsalami the Demonspawn Berserker began the quest for the Orb.
     0 | D:1      | Reached XP level 1. HP: 18/18 MP: 1/1
   134 | D:2      | Gained mutation: Your flesh is heat resistant. (rF+) [demonic ancestry]
   134 | D:2      | Reached XP level 2. HP: 6/24 MP: 2/2
  1015 | D:2      | Gained mutation: You regenerate a little health from kills. [demonic ancestry]
  1015 | D:2      | Reached XP level 3. HP: 16/29 MP: 3/3
  1239 | D:2      | Reached ** piety under Trog
  1604 | D:2      | Found a burning altar of Makhleb.
  1615 | D:2      | Gained mutation: You have sharp toenails. [demonic ancestry]
  1615 | D:2      | Reached XP level 4. HP: 23/37 MP: 4/4
  2634 | D:3      | Found a sparkling altar of Nemelex Xobeh.
  2688 | D:4      | Noticed Sigmund
  3139 | D:4      | Noticed twistedcrescendo's ghost (amateur FeTm)
  4052 | D:4      | Reached XP level 5. HP: 35/42 MP: 5/5
  4182 | D:4      | Noticed a phantom
  4668 | D:4      | Gained mutation: You are partially covered in rugged brown scales. (AC +1, +3% HP) [demonic ancestry]
  4668 | D:4      | Reached XP level 6. HP: 20/49 MP: 6/6
  4687 | D:4      | Killed twistedcrescendo's ghost
  4687 | D:4      | Reached skill level 5 in Axes
  5350 | D:4      | Killed Sigmund
  5350 | D:4      | Reached skill level 1 in Stealth
  5350 | D:4      | Reached XP level 7. HP: 20/56 MP: 7/7
  5769 | D:5      | Entered Level 5 of the Dungeon
  5890 | D:5      | Noticed Pikel
  5926 | D:5      | Killed Pikel
  5926 | D:5      | Reached skill level 5 in Fighting
  5926 | D:5      | Reached skill level 5 in Armour
  5926 | D:5      | Reached XP level 8. HP: 51/63 MP: 8/8
  7113 | D:6      | Found a staircase to the Ecumenical Temple.
  7134 | Temple   | Entered the Ecumenical Temple
  7846 | D:6      | Found a sacrificial altar of Ru.
  7980 | D:7      | Found Vejohin's Jewellery Emporium.
  7996 | D:7      | Noticed sking99's ghost (novice GnWz)
  8037 | D:7      | Reached skill level 1 in Throwing
  8151 | D:7      | Reached XP level 9. HP: 59/71 MP: 9/9
  8342 | D:8      | Noticed kae's ghost (novice HOFi)
  8574 | D:8      | Noticed a two-headed ogre
  8647 | D:7      | Killed sking99's ghost
  8745 | D:7      | Found a runed door.
  8758 | D:7      | HP: 3/73 [centaur (6)]
  9123 | D:7      | Found a runed door.
  9335 | D:7      | Killed a two-headed ogre
  9335 | D:7      | Gained mutation: You regenerate health from kills. [demonic ancestry]
  9335 | D:7      | Reached XP level 10. HP: 81/81 MP: 10/10
  9646 | D:8      | Reached *** piety under Trog
  9787 | D:8      | Noticed a two-headed ogre
  9799 | D:8      | Killed a two-headed ogre
 10120 | D:8      | Got a smoking lapis lazuli ring
 10171 | D:8      | Noticed a two-headed ogre
 10182 | D:8      | Killed a two-headed ogre
 10348 | D:8      | Paralysed by a hornet for 2 turns
 10512 | D:10     | Entered Level 10 of the Dungeon
 10534 | D:9      | Found a hide-covered altar of Uskayaw.
 10538 | D:9      | Found a shattered altar of Ashenzari.
 10538 | D:9      | Found a shadowy altar of Dithmenos.
 10538 | D:9      | Found a shimmering altar of Xom.
 10538 | D:9      | Noticed Psyche
 10539 | D:9      | Paralysed by Psyche for 6 turns
 10548 | D:9      | Noticed Maurice
 10565 | D:9      | Killed Maurice
 10565 | D:9      | Reached skill level 5 in Dodging
 10603 | D:9      | Noticed Erolcha
 10723 | D:8      | Reached **** piety under Trog
 11110 | D:8      | Identified the ring "Wank" {rCorr Dex+3} (You found it on level 8 of the Dungeon)
 11206 | D:9      | Found the +7 Singing Sword
 11421 | D:9      | Killed Erolcha
 11421 | D:9      | Gained mutation: You have razor-sharp toenails. [demonic ancestry]
 11421 | D:9      | Reached XP level 11. HP: 89/89 MP: 11/11
 11526 | D:9      | Reached skill level 10 in Axes
 11539 | D:9      | Paralysed by a hornet for 3 turns
 11908 | D:9      | Killed Psyche
 12273 | D:9      | Killed an unseen horror
 12286 | D:9      | Reached ***** piety under Trog
 12445 | D:11     | Noticed a centaur warrior
 12512 | D:10     | Received a gift from Trog
 12580 | D:10     | Noticed a two-headed ogre
 12590 | D:10     | Killed a two-headed ogre
 12737 | D:10     | Noticed Gastronok
 12764 | D:10     | Reached skill level 10 in Fighting
 12776 | D:10     | Killed Gastronok
 12776 | D:10     | Reached skill level 10 in Armour
 12807 | D:11     | Found a staircase to the Orcish Mines.
 12816 | D:10     | Gained mutation: You regenerate a lot of health from kills. [demonic ancestry]
 12816 | D:10     | Reached XP level 12. HP: 61/100 MP: 12/12
 12885 | D:10     | Received a gift from Trog
 13243 | Orc:1    | Entered Level 1 of the Orcish Mines
 13514 | Orc:2    | Entered Level 2 of the Orcish Mines
 13534 | Orc:2    | Found a staircase to the Elven Halls.
 13569 | Elf:1    | Entered Level 1 of the Elven Halls
 14230 | Orc:2    | Noticed a two-headed ogre
 14256 | Orc:2    | Received a gift from Trog
 14261 | Orc:2    | Killed a two-headed ogre
 14272 | Orc:2    | Noticed a two-headed ogre
 14280 | Orc:2    | Killed a two-headed ogre
 14299 | Orc:2    | Noticed a two-headed ogre
 14310 | Orc:2    | Killed a two-headed ogre
 14384 | Orc:2    | Noticed a two-headed ogre
 14392 | Orc:2    | Killed a two-headed ogre
 14394 | Orc:2    | Noticed a two-headed ogre
 14553 | Orc:2    | Noticed an ogre mage
 14562 | Orc:2    | Paralysed by an ogre mage for 2 turns
 14568 | Orc:2    | Killed an ogre mage
 14579 | Orc:2    | Noticed a two-headed ogre
 14587 | Orc:2    | Killed a two-headed ogre
 14667 | Orc:2    | Killed a two-headed ogre
 14779 | Orc:2    | Gained mutation: You have claws for feet. [demonic ancestry]
 14779 | Orc:2    | Reached XP level 13. HP: 108/110 MP: 13/13
 14979 | Orc:2    | Found Daewufum's Weapon Shop.
 15017 | Orc:2    | Found Xisugit's Assorted Antiques.
 15023 | Orc:2    | Found Lituply's Magic Scroll Shoppe.
 15031 | Orc:2    | Found Nab Xura's Distillery.
 15048 | Orc:2    | Bought a scroll of remove curse for 48 gold pieces
 15048 | Orc:2    | Bought a scroll of immolation for 56 gold pieces
 15048 | Orc:2    | Bought a scroll of remove curse for 48 gold pieces
 15048 | Orc:2    | Bought a scroll of enchant armour for 120 gold pieces
 15048 | Orc:2    | Bought a scroll of teleportation for 48 gold pieces
 15048 | Orc:2    | Bought a scroll of identify for 32 gold pieces
 15053 | Orc:2    | Bought 2 potions of might for 112 gold pieces
 15053 | Orc:2    | Bought a potion of curing for 42 gold pieces
 15053 | Orc:2    | Bought a potion of curing for 42 gold pieces
 15053 | Orc:2    | Bought a potion of curing for 42 gold pieces
 15053 | Orc:2    | Bought a potion of haste for 140 gold pieces
 15053 | Orc:2    | Bought 2 potions of curing for 84 gold pieces
 16037 | Elf:1    | Noticed a minotaur
 16037 | Elf:1    | an ice dragon changed into a minotaur
 16043 | Elf:1    | Noticed a fire dragon
 16047 | Elf:1    | a fire dragon changed into a six-headed hydra
 16051 | Elf:1    | Noticed a fire dragon
 16051 | Elf:1    | a seven-headed hydra changed into a fire dragon
 16052 | Elf:1    | a fire dragon changed into a slime creature
 16055 | Elf:1    | Received a gift from Trog
 16084 | Elf:1    | Noticed a deep elf sorcerer
 16347 | Elf:1    | Killed a deep elf sorcerer
 16770 | Elf:1    | Gained mutation: You are mostly covered in rugged brown scales. (AC +2, +5% HP) [demonic ancestry]
 16770 | Elf:1    | Reached XP level 14. HP: 108/123 MP: 14/14
 16936 | Elf:2    | HP: 1/123 [deep elf mage/shard of ice (15)]
 17070 | Elf:1    | Noticed Aizul
 17086 | Elf:1    | Killed Aizul
 17096 | Elf:1    | Succumbed to a trident of venom's poison

Skill      XL: |  1  2  3  4  5  6  7  8  9 10 11 12 13 |
---------------+----------------------------------------+-----
Axes           | 3 4 5 6 7 8 9 11 12 13 | 13.5
Dodging        | 2 3 5 |  5.1
Fighting       | 4 5 7 8 10 11 13 | 13.4
Armour         | 2 3 5 6 7 8 10 11 12 | 12.7
Stealth        | 1 |  1.7
Throwing       | 1 2 |  2.2

Action                   |  1- 3 |  4- 6 |  7- 9 | 10-12 | 13-15 || total
-------------------------+-------+-------+-------+-------+-------++-------
Melee: Hand axe          |   104 |   193 |   309 |   160 |       ||   766
       Kick              |       |    61 |    98 |   196 |   119 ||   474
       Battleaxe         |       |       |       |   415 |   255 ||   670
       Double sword      |       |       |       |    10 |       ||    10
       Long sword        |       |       |       |       |    43 ||    43
       Unarmed           |       |       |       |       |     1 ||     1
Throw: Stone             |       |     4 |    11 |       |       ||    15
       Tomahawk          |       |       |    13 |    34 |    55 ||   102
       Javelin           |       |       |     3 |       |       ||     3
Invok: Berserk           |     1 |     2 |     5 |     8 |     5 ||    21
       Trog's Hand       |       |     2 |     2 |     1 |     2 ||     7
       Burn Spellbooks   |       |       |     1 |     2 |       ||     3
       Brothers in Arms  |       |       |       |       |     2 ||     2
  Use: Scroll            |       |     6 |    13 |     4 |     1 ||    24
       Potion            |       |     3 |     3 |     3 |     3 ||    12
 Stab: Sleeping          |       |     1 |       |       |       ||     1
       Distracted        |       |       |       |       |     2 ||     2
  Eat: Chunk             |     3 |    10 |    14 |    22 |     9 ||    58
       Ration            |       |     1 |     1 |     3 |     1 ||     6
Armor: Animal skin       |    21 |     2 |       |       |       ||    23
       Chain mail        |       |   109 |   194 |       |       ||   303
       Scale mail        |       |       |       |   333 |    12 ||   345
       Plate armour      |       |       |       |       |   236 ||   236
Dodge: Dodged            |    70 |    98 |   149 |   576 |   213 ||  1106
       Rpst.: Double sword |       |       |       |     3 |       ||     3
       Long sword        |       |       |       |       |    11 ||    11
